 Dungeon Crawl Stone Soup version 0.30-a0-782-ge64f9170bb (webtiles) character file.

Game seed: 14805198185068917286

111 senseless the Stinger (level 4, -2/33 HPs)
             Began as a Draconian Venom Mage on Mar 9, 2023.
             Slain by Edmund
             ... wielding a +1 flail of venom
              (7 damage)
             ... on level 4 of the Dungeon.
             The game lasted 00:09:07 (2198 turns).

senseless the Stinger (Draconian Venom Mage)        Turns: 2198, Time: 00:09:08

Health: -2/33      AC:  6    Str: 17    XL:     4   Next: 62%
Magic:  2/7        EV: 12    Int: 17    God:
Gold:   165        SH:  0    Dex: 11    Spells: 7/8 levels left

rFire   . . .      SeeInvis .    e - +2 sling
rCold   . . .      Faith    .    (no shield)
rNeg    . . .      Spirit   .    (body armour unavailable)
rPois   .          Reflect  .    (helmet restricted)
rElec   .          Harm     .    l - +0 cloak
rCorr   .          Rampage  .    (no gloves)
Will    .....                    (no boots)
Stlth   ++                       (no amulet)
HPRegen 0.25/turn                k - +6 ring of strength
MPRegen 0.10/turn                (no ring)

@: lethally poisoned (-2 -> -20)
A: AC +5, unfitting armour, cold-blooded
a: no special abilities


You were on level 4 of the Dungeon.
You visited 1 branch of the dungeon, and saw 4 of its levels.

You collected 165 gold pieces.

Inventory:

Hand Weapons
 c - a +0 mace
 e - a +2 sling (weapon)
Armour
 l - a +0 cloak (worn)
Jewellery
 k - a +6 ring of strength (left hand)
Wands
 p - a wand of flame (20)
Scrolls
 d - a scroll of amnesia
Potions
 a - a potion of magic
 b - a potion of mutation {unknown}
 f - a potion of berserk rage {unknown}
 g - a potion of flight {unknown}
 i - a potion of haste {unknown}
 j - a potion of invisibility {unknown}
 m - a potion of brilliance {unknown}
 o - a potion of lignification {unknown}


   Skills:
 + Level 0.3 Fighting
 + Level 1.9 Ranged Weapons
 + Level 2.0 Dodging
 + Level 2.2 Stealth
 + Level 2.5 Spellcasting
 + Level 1.7 Transmutations
 + Level 3.7 Poison Magic


You had 7 spell levels left.
You knew the following spells:

 Your Spells              Type           Power      Damage    Failure   Level
a - Sting                 Tmut/Pois      44%        1d5       6%          1

Your spell library contained the following spells:

 Spells                   Type           Power      Damage    Failure   Level
 Poisonous Vapours        Pois/Air       16%        N/A       13%         2
 Passwall                 Tmut/Erth      4%         N/A       19%         2
 Spider Form              Tmut/Pois      11%        N/A       19%         3
 Ensorcelled Hibernation  Hex/Ice        4%         N/A       28%         2
 Mephitic Cloud           Conj/Pois/Air  6%         N/A       32%         3
 Olgreb's Toxic Radiance  Pois           15%        N/A       36%         4
 Swiftness                Air            2%         N/A       50%         3
 Anguish                  Hex/Necr       1%         N/A       88%         4


Dungeon Overview and Level Annotations

Branches:
Dungeon (4/15)
 Temple: D:4-7

Altars:
Trog

Annotations:
D:4 Edmund


Innate Abilities, Weirdness & Mutations

Your plain brown scales are hard. (AC +5)
You cannot fit into any form of body armour.
You are cold-blooded and may be slowed by cold attacks.


Message History

The sting hits Edmund but does no damage.
Edmund looks even sicker.
Edmund is moderately wounded.
Edmund hits you with a +1 flail of venom.
You are poisoned.
The sting misses Edmund.
You feel sick. Edmund misses you.
The sting hits Edmund but does no damage.
Edmund looks as sick as possible!
Edmund is heavily wounded.
You feel sick.
Edmund hits you with a +1 flail of venom.
You are more poisoned.
Edmund attacks as you move away! Edmund closely misses you.
You feel very sick.
You feel sick.
You feel sick.
You feel better.
Edmund hits you with a +1 flail of venom!
* * * LOW HITPOINT WARNING * * *
You are lethally poisoned!
You feel better. Edmund closely misses you. Edmund attacks as you move away!
Edmund hits you with a +1 flail of venom.
You are poisoned.
You feel very sick.
You feel sick.
You are too injured to fight recklessly!
Casting: Sting (safe; 6% risk of failure)
Confirm with . or Enter, or press ? or * to list all spells.
Aiming: Sting (safe; 6% risk of failure)
Press: ? - help, Shift-Dir - straight line, f/p - Edmund
Aim: Edmund, wielding a +1 flail of venom and wearing a +0 scale mail (severely wounded, very poisoned, 75% to hit)
The sting hits Edmund.
Edmund looks as sick as possible!
Edmund is almost dead.
You feel sick.
Edmund hits you with a +1 flail of venom.
* * * LOW HITPOINT WARNING * * *
You are more poisoned.
Edmund attacks as you move away!
Edmund hits you with a +1 flail of venom!
You die...

..#.#.### #
.......##
#.##..).....
#...<......#
####.##..#..
#.# # ##.##
#..@#
......#@#
###.#...#
#.##### #


You could see Edmund (extremely poisoned).

Vanquished Creatures
  An orc priest (D:3)
  3 adders (D:2)
  A worm (D:3)
  2 dart slugs
  2 orcs (D:3)
  2 bats
  8 endoplasms
  3 giant cockroaches
  6 goblins
  2 hobgoblins
  4 jackals
  3 kobolds
  2 ball pythons
  2 frilled lizards
  3 rats
44 creatures vanquished.

Notes
Turn   | Place    | Note
-------+----------+-------------------------------------------
     0 | D:1      | senseless the Draconian Venom Mage began the quest for the
                  | Orb.
     0 | D:1      | Reached XP level 1. HP: 14/14 MP: 3/3
   384 | D:1      | Reached XP level 2. HP: 20/20 MP: 3/5
   683 | D:1      | Found a faded altar of an unknown god.
  1126 | D:2      | Reached XP level 3. HP: 20/26 MP: 4/6
  1232 | D:2      | Reached skill level 1 in Ranged Weapons
  1551 | D:3      | Reached XP level 4. HP: 7/33 MP: 4/7
  1556 | D:3      | Found a bloodstained altar of Trog.
  2181 | D:4      | Noticed Edmund
  2198 | D:4      | Slain by Edmund

Illustrated notes

Levels and vault maps discovered:
D:1:      eino_arrival_water_cross, layout_loops_cross,
          dilly_ecumenical_altar_fadedgnrine, kennysheep_small_spiral,
          serial_park_tiny_pond
D:2:      layout_rooms, minmay_tripent
D:3:      layout_rooms, nicolae_overflow_crystal_walls, serial_corexii_hall,
          chequers_hall_statues_wall_a, chequers_hall_statues_wall_a,
          nicolae_elevator_lobby_plus
D:4:      minmay_clustersquares, layout_loops_ring, uniq_edmund, uniq_duvessa,
          uniq_menkaure

Skill      XL: |  1  2  3 |
---------------+----------+-----
Stealth        | 2 |  2.2
Ranged Weapons | 1 |  1.9
Dodging        | 2 |  2.0
Fighting       | |  0.3
Spellcasting   | |  2.5
Transmutations | |  1.7
Poison Magic   | |  3.7

Action                     |  1- 3 |  4- 6 || total
---------------------------+-------+-------++-------
   Fire: Sling             |    59 |    20 ||    79
   Cast: Sting             |    32 |    20 ||    52
    Use: Scroll            |     6 |     1 ||     7
         Potion            |       |     2 ||     2
 Armour: Skin              |     9 |     2 ||    11
  Dodge: Dodged            |    16 |    11 ||    27

Table legend: (Time is in decaauts)
 A = Elapsed time spent in this place.
 B = Non-inter-level travel time spent in this place.
 C = Inter-level travel time spent in this place.
 D = Time resting spent in this place.
 E = Time spent auto-exploring this place.
 F = Levels seen in this place.
 G = Mean time per level.
                   A        B        C        D        E       F      G
               +--------+--------+--------+--------+--------+-----+--------+
         Total |   2232 |   2033 |    199 |    110 |   1579 |   4 |  558.0 |
       Dungeon |   2232 |   2033 |    199 |    110 |   1579 |   4 |  558.0 |
               +--------+--------+--------+--------+--------+-----+--------+

Top non-repeatable levels by time:
     D:1: 1012 daAuts
     D:3: 672 daAuts
     D:2: 530 daAuts
     D:4: 17 daAuts
